 Dungeon Crawl Stone Soup version 0.26-a0-670-g578ab304f5 (webtiles) character file.

Game seed: 9555621040253298030

18 DogServant the Ruffian (level 2, 2/23 HPs)
             Began as a Draconian Transmuter on Oct 19, 2020.
             Quit the game on level 2 of the Dungeon.
             The game lasted 00:01:32 (500 turns).

DogServant the Ruffian (Draconian Transmuter)        Turns: 500, Time: 00:01:33

Health: 2/23       AC:  4    Str:  9 (12) XL:     2   Next: 48%
Magic:  5/5        EV: 12    Int: 12 (13) God:
Gold:   17         SH:  0    Dex:  9 (11) Spells: 4/5 levels left

rFire    . . .     SeeInvis .     - Unarmed
rCold    . . .     Faith    .   (no shield)
rNeg     . . .     Spirit   .   (armour unavailable)
rPois    .         Reflect  .   (helmet restricted)
rElec    .         Harm     .   (no cloak)
rCorr    .         Rampage  .   (no gloves)
MR       .....                  (no boots)
Stlth    +.........             (no amulet)
HPRegen  0.07/turn              (no ring)
MPRegen  0.09/turn              (no ring)

@: no status effects
A: unfitting armour, talons 1, cold-blooded, AC +4
a: no special abilities


You were on level 2 of the Dungeon.
You visited 1 branch of the dungeon, and saw 2 of its levels.

You collected 17 gold pieces.

You aren't carrying anything.


   Skills:
 - Level 1.1 Fighting
 - Level 1.7 Dodging
 + Level 3.4 Unarmed Combat
 - Level 2.0 Spellcasting
 + Level 2.6 Transmutations


You had 4 spell levels left.
You knew the following spells:

 Your Spells              Type           Power        Failure   Level
a - Beastly Appendage     Tmut           #.....       10%         1

Your spell library contained the following spells:

 Spells                   Type           Power        Failure   Level
 Wereblood                Tmut           #.......     14%         2
 Spider Form              Tmut/Pois      #.........   43%         3
 Ice Form                 Ice/Tmut       #.......     85%         4
 Blade Hands              Tmut           #.........   95%         5


Dungeon Overview and Level Annotations

Branches:
Dungeon (1/15)

Altars:

Annotations:
D:2 Terence


Innate Abilities, Weirdness & Mutations

Your plain brown scales are hard. (AC +4)
You cannot fit into any form of body armour.
You are cold-blooded and may be slowed by cold attacks.
You have sharp toenails.


Message History

Terence hits you with a +0 falchion.
* * * LOW HITPOINT WARNING * * *
You hit Terence but do no damage. Your headbutt misses Terence.
Terence is lightly wounded.
The frilled lizard bites you but does no damage.
You completely miss Terence.
Terence is lightly wounded.
Your horns disappear.
Your talons shrink.
Terence misses you.
You barely miss Terence.
Your tail-slap misses Terence.
Terence is lightly wounded.
The frilled lizard bites you.
* * * LOW HITPOINT WARNING * * *
Terence closely misses you.
You barely miss Terence. You claw Terence, but do no damage.
Terence is lightly wounded.
The frilled lizard bites you but does no damage.
Terence hits you with a +0 falchion.
* * * LOW HITPOINT WARNING * * *
Are you sure you want to abandon this character and quit the game? (Confirm with "yes".)

##....
#....
#...
######..#
........#
.#..#..l#
......#K#
.#g##.#l#
.. # #@#
# #@# ..#
..## ...
....
#.### #.


You could see Terence, a kobold and 2 frilled lizards.

Vanquished Creatures
  3 bats (D:1)
  4 goblins
  3 hobgoblins
  5 kobolds
15 creatures vanquished.

Notes
Turn   | Place    | Note
-------+----------+-------------------------------------------
     0 | D:1      | DogServant the Draconian Transmuter began the quest for the
                  | Orb.
     0 | D:1      | Reached XP level 1. HP: 16/16 MP: 3/3
   182 | D:1      | Reached XP level 2. HP: 23/23 MP: 1/5
   458 | D:1      | You fall into a shaft and drop 1 floor!
   459 | D:2      | Noticed Terence
   484 | D:2      | Gained mutation: You have claws for feet. [potion of
                  | mutation]
   500 | D:2      | Quit the game

Illustrated notes

Levels and vault maps discovered:
D:1:      nzn_arrival_depleted_hourglass, layout_basic
D:2:      layout_rooms, uniq_terence

Action                   || total
-------------------------++-------
Melee: Unarmed           ||    54
       Tailslap          ||     3
       Kick              ||     6
       Headbutt          ||     4
 Cast: Beastly Appendage ||     7
  Use: Potion            ||     2
       Scroll            ||     1
 Stab: Sleeping          ||     1
Armor: Skin              ||    27
Dodge: Dodged            ||    47

Table legend: (Time is in decaauts)
 A = Elapsed time spent in this place.
 B = Non-inter-level travel time spent in this place.
 C = Inter-level travel time spent in this place.
 D = Time resting spent in this place.
 E = Time spent auto-exploring this place.
 F = Levels seen in this place.
 G = Mean time per level.
                   A        B        C        D        E       F      G
               +--------+--------+--------+--------+--------+-----+--------+
         Total |    496 |    496 |      0 |      0 |    400 |   2 |  248.0 |
       Dungeon |    496 |    496 |      0 |      0 |    400 |   2 |  248.0 |
               +--------+--------+--------+--------+--------+-----+--------+

Top non-repeatable levels by time:
     D:1: 457 daAuts
     D:2: 39 daAuts
